Map: Orbital Shipyard

Players

Miszu - Winner!

  • Race: Terran Terran
  • League: Grandmaster

MajeStic

  • Race: Protoss Protoss
  • League: Grandmaster

VOD

Have the link to the VOD?

Description

Time

  • Played on: Feb. 7, 2016, 3:53 p.m.
  • Length: 11:03
Show
View Real Time Build Order
Export as new Build Order

Miszu Terran - Winner!

Build Orders: Hellion Opening, Reaper Expand 

Get SALT Encoding   

  12  0:01  SCV  
  13  0:13  SCV  
  14  0:18  Supply Depot  
  14  0:25  SCV  
  15  0:39  SCV  
  16  0:43  Barracks  
  16  0:45  Refinery  
  16  0:51  SCV  
  17  1:03  SCV  
  18  1:16  SCV  
  19  1:29  Orbital Command  
  19  1:31  Reaper  
  20  1:39  Command Center  
  20  1:46  Supply Depot  
  20  1:55  SCV  
  21  2:05  Factory, Marine  
  22  2:09  SCV  
  23  2:21  SCV  
  24  2:24  Barracks Reactor  
  24  2:35  SCV  
  25  2:47  SCV  
  25  2:51  Orbital Command  
  26  2:59  SCV  
  26  3:01  Factory  
  26  3:03  Hellion x2  
  31  3:11  SCV  
  32  3:16  SCV  
  32  3:19  Barracks Reactor  
  32  3:23  SCV  
  32  3:24  Supply Depot, Hellion  
  32  3:25  Hellion  
  37  3:28  SCV  
  38  3:35  SCV  
  38  3:40  SCV  
  40  3:46  Hellion x2  
  40  3:47  SCV  
  45  3:48  Supply Depot  
  45  3:53  SCV  
  46  3:57  Factory  
  46  3:59  SCV  
  46  4:00  Hellion x2  
  51  4:05  SCV  
  51  4:07  Hellion  
  54  4:10  Hellion  
  54  4:11  Supply Depot, SCV  
  57  4:17  SCV  
  57  4:21  Hellion x2  
  62  4:31  Hellion  
  62  4:32  SCV x2  
  59  4:39  Hellion  
  59  4:42  Factory Tech Lab  
  59  4:43  Supply Depot, Hellion x2  
  59  4:44  SCV x2  
  59  4:45  Supply Depot  
  65  4:55  Hellion  
  65  4:56  SCV x2  
  69  5:02  Hellion  
  69  5:05  Hellion  
  73  5:13  Cyclone  
  72  5:14  Supply Depot  
  72  5:15  Hellion  
  72  5:16  SCV x2  
  72  5:17  Hellion  
  76  5:22  Supply Depot  
  76  5:28  SCV x2  
  78  5:33  Hellion x2  
  82  5:37  Refinery, Hellion  
  82  5:38  Hellion  
  82  5:40  SCV x2  
  82  5:41  Command Center  
  86  5:51  Supply Depot  
  86  5:52  Supply Depot, SCV  
  86  5:54  Hellion x2  
  86  5:56  Cyclone  
  94  5:58  Hellion  
  94  6:00  Hellion  
  82  6:15  Hellion  
  82  6:16  Hellion  
  85  6:19  Hellion  
  85  6:21  Hellion, SCV  
  85  6:22  SCV  
  91  6:29  Supply Depot  
  91  6:31  Supply Depot  
  91  6:37  Hellion x2  
  89  6:41  Hellion  
  81  6:47  Supply Depot x2  
  81  6:53  Hellion  
  86  6:54  Cyclone, SCV x2  
  86  7:00  Supply Depot  
  88  7:05  Hellion x3  
  88  7:06  SCV x2  
  96  7:09  Refinery  
  96  7:11  Refinery  
  96  7:13  Supply Depot x2  
  96  7:14  Hellion  
  98  7:18  SCV  
  98  7:19  Mag-Field Accelerator, SCV  
  100  7:26  Hellion x3  
  94  7:36  Hellion  
  84  7:43  Hellion  
  80  7:47  Hellion, SCV  
  80  7:48  Hellion x2, SCV  
  88  7:55  Supply Depot  
  88  7:57  Hellion  
  90  8:03  SCV x2  
  90  8:04  Cyclone  
  95  8:06  Command Center  
  95  8:09  Hellion x2  
  98  8:13  Hellion  
  98  8:15  SCV x2  
  98  8:18  Hellion  
  100  8:30  Hellion x2, SCV  
  105  8:34  Hellion  
  105  8:36  Cyclone  
  108  8:47  Hellion  
  109  8:50  SCV  
  109  8:51  Infernal Pre-Igniter  
  109  8:52  Hellion x2, SCV  
  115  8:59  Hellion  
  115  9:02  SCV  
  118  9:08  Cyclone  
  121  9:12  SCV  
  121  9:13  Hellion  
  121  9:15  SCV  
  125  9:19  Orbital Command  
  125  9:28  SCV x2  
  125  9:30  Hellion  
  131  9:31  Hellion  
  131  9:36  Orbital Command  
  129  9:40  SCV  
  126  9:49  Hellion x2, Cyclone  
  126  9:51  SCV  
  134  9:53  SCV  
  134  9:55  Engineering Bay  
  137  10:00  Hellion x2  
  137  10:04  SCV  
  140  10:09  Starport  
  140  10:10  Hellion  
  142  10:15  SCV  
  143  10:21  Cyclone  
  143  10:25  Missile Turret  
  143  10:26  Missile Turret x2  
  128  10:39  Hellion  
Show
View Real Time Build Order
Export as new Build Order

MajeStic Protoss 

Build Orders: 1 Gate Expand 

Get SALT Encoding   

  12  0:01  Probe (Chrono Boost)  
  13  0:12  Probe (Chrono Boost)  
  14  0:18  Pylon  
  14  0:22  Probe (Chrono Boost)  
  15  0:36  Probe (Chrono Boost)  
  15  0:39  Gateway  
  15  0:41  Assimilator  
  16  0:46  Probe (Chrono Boost)  
  18  0:57  Probe (Chrono Boost)  
  18  1:07  Probe (Chrono Boost)  
  19  1:18  Probe (Chrono Boost)  
  20  1:26  Nexus  
  20  1:31  Cybernetics Core  
  20  1:34  Probe (Chrono Boost)  
  20  1:38  Assimilator  
  21  1:44  Probe (Chrono Boost)  
  22  1:50  Pylon  
  22  1:55  Probe (Chrono Boost)  
  23  2:08  Probe (Chrono Boost)  
  24  2:09  Adept (Chrono Boost), Warp Gate  
  26  2:20  Mothership Core  
  28  2:34  Adept (Chrono Boost)  
  29  2:44  Probe  
  29  2:45  Probe  
  31  2:55  Probe  
  31  2:56  Robotics Facility  
  31  2:57  Probe  
  33  3:05  Probe  
  33  3:06  Pylon  
  33  3:09  Probe  
  35  3:17  Probe (Chrono Boost)  
  36  3:21  Probe (Chrono Boost)  
  36  3:24  Twilight Council  
  36  3:26  Gateway  
  37  3:28  Probe (Chrono Boost)  
  37  3:30  Gateway  
  37  3:33  Probe (Chrono Boost)  
  39  3:39  Probe (Chrono Boost)  
  39  3:41  Warp Prism  
  40  3:44  Probe (Chrono Boost)  
  43  3:50  Pylon  
  43  3:53  Probe (Chrono Boost)  
  43  3:54  Probe (Chrono Boost)  
  45  4:00  Gateway  
  45  4:02  Resonating Glaives (Chrono Boost)  
  45  4:06  Gateway  
  45  4:11  Probe  
  45  4:20  Stalker  
  45  4:22  Probe  
  38  4:40  Probe x2  
  38  4:45  Observer  
  40  4:52  Adept x2  
  40  4:56  Probe x2  
  40  4:59  Stalker  
  37  5:08  Probe x2  
  36  5:20  Probe x2 (Chrono Boost)  
  36  5:32  Probe x2 (Chrono Boost)  
  38  5:36  Adept x2  
  38  5:37  Adept  
  38  5:42  Probe (Chrono Boost)  
  45  5:43  Probe (Chrono Boost)  
  45  5:46  Adept  
  48  5:52  Adept  
  44  6:04  Adept x2  
  42  6:27  Probe (Chrono Boost)  
  44  6:35  Adept x2  
  44  6:36  Adept x3  
  41  6:57  Adept, Probe (Chrono Boost)  
  41  6:58  Adept x4  
  52  7:18  Adept x3  
  52  7:19  Adept  
  37  7:50  Adept x3  
  37  7:51  Adept x2  
  45  7:52  Probe x2 (Chrono Boost)  
  47  8:02  Probe x2 (Chrono Boost)  
  49  8:13  Adept x3  
  49  8:14  Adept x2  
  57  8:34  Adept x2  
  57  8:39  Pylon  
  57  8:49  Probe x2 (Chrono Boost)  
  57  8:53  Assimilator  
  59  8:57  Immortal  
  59  8:58  Adept  
  59  8:59  Adept, Probe (Chrono Boost)  
  59  9:00  Probe (Chrono Boost)  
  69  9:07  Assimilator  
  69  9:10  Probe (Chrono Boost)  
  70  9:20  Pylon  
  70  9:23  Pylon  
  76  9:38  Immortal (Chrono Boost), Probe x2 (Chrono Boost)  
  66  9:51  Adept x5  
  76  10:12  Mothership Core  
  78  10:16  Adept x3  
  78  10:19  Immortal (Chrono Boost)  
  86  10:24  Adept  
  86  10:25  Adept  
Tags
 
Add a new tag
Caveats
  • Supply blocks, unpowered buildings, or Contaminate may cause inaccurate times.
  • Supply counts are checked every 10 seconds.